 Dungeon Crawl Stone Soup version 0.17-a0-1648-g0a089d4 (webtiles) character file.

19 urechis the Magician (level 2, 0/15 HPs)
             Began as a Gargoyle Wizard on Aug 12, 2015.
             Slain by a jackal (2 damage)
             ... on level 1 of the Dungeon.
             The game lasted 00:00:45 (444 turns).

urechis the Magician (Gargoyle Wizard)               Turns: 444, Time: 00:00:45

Health: 0/15       AC:  4    Str: 10    XL:     2   Next: 75%
Magic:  1/6        EV: 11    Int: 18    God:
Gold:   49         SH:  0    Dex:  8    Spells: 1 memorised, 6 levels left

rFire  . . .     SeeInvis .     i - +0 club
rCold  . . .     Clarity  .     a - +0 robe
rNeg   + . .     SustAt   .     (no shield)
rPois  ∞         Gourm    .     b - +0 hat
rElec  +         Spirit   .     (no cloak)
rCorr  .         Warding  .     (no gloves)
rMut   .         Stasis   .     (no boots)
MR     .....                    (no amulet)
Stlth  ++........               (no ring)
                                (no ring)

@: not resistant to hostile enchantments, unstealthy
A: negative energy resistance 1, electricity resistance, unbreathing,
petrification resistance, rot immunity, AC +2
a: no special abilities


You were on level 1 of the Dungeon.
You were not hungry.

You visited 1 branch of the dungeon, and saw 1 of its levels.

You collected 49 gold pieces.

Inventory:

Hand weapons
 i - a +0 club (weapon)
Armour
 a - a +0 robe (worn)
 b - a +0 hat (worn)
Scrolls
 e - 3 scrolls of teleportation {unknown}
 f - a scroll of enchant weapon {unknown}
 g - 4 scrolls of identify {unknown}
 l - a scroll of remove curse {unknown}
Potions
 m - a potion of lignification {unknown}
Books
 c - a book of Minor Magic

   Spells                             Type                      Level
   a - Magic Dart                     Conjuration                  1
   b - Blink                          Translocation                2
   c - Call Imp                       Summoning                    2
   d - Repel Missiles                 Charms/Air                   2
   e - Slow                           Hexes                        2
   f - Conjure Flame                  Conjuration/Fire             3
   g - Mephitic Cloud                 Conjuration/Poison/Air       3
Comestibles
 d - 2 bread rations
 j - a royal jelly
 k - 3 fruits


   Skills:
 - Level 1.5 Dodging
 - Level 2.1 Stealth
 + Level 3.3 Spellcasting
 + Level 2.1 Conjurations
   Level 0.8 Summonings
   Level 0.8 Translocations


You had 6 spell levels left.
You knew the following spells:

 Your Spells              Type           Power        Failure   Level  Hunger
a - Magic Dart            Conj           ##..         8%          1    None


Dungeon Overview and Level Annotations

Branches:
Dungeon (1/15)

Altars:
The Shining One


Innate Abilities, Weirdness & Mutations

You are resistant to torment.
Your stone body is resilient (AC +2).
You are immune to poison.
You resist negative energy.
You are resistant to electric shocks.
You can survive without breathing.
You are immune to petrification.
You are immune to rotting.


Message History

The jackal is heavily wounded.
The jackal bites you but does no damage. x2
You hit the jackal but do no damage.
The jackal is heavily wounded.
The jackal bites you but does no damage.
The jackal barely misses you.
You hit the jackal.
The jackal is severely wounded.
The jackal closely misses you.
You barely miss the jackal.
The jackal is severely wounded.
The jackal closely misses you. The jackal misses you.
You barely miss the jackal.
The jackal is severely wounded.
The jackal bites you but does no damage.
The jackal barely misses you.
You closely miss the jackal.
The jackal is severely wounded.
The jackal barely misses you. The jackal bites you.
You die...

#.# #......# #.......# . #.#
#......# #.......#.. #.#
#......# #.......... #.#
#......# #.......# #.#
#......# #$..)...# #.#
#......# #(......# #.#
##########......$#
#######.#############........#
...>†..>........@h...........#
#######.############.#..>....#
.....................#########
######...############# #...#
#...# ##.## ###


You could see a jackal.

Vanquished Creatures
  An ooze (D:1)
  A giant gecko (D:1)
  2 hobgoblins (D:1)
  A kobold (D:1)
  2 bats (D:1)
  3 jackals (D:1)
  5 rats (D:1)
15 creatures vanquished.

Notes
Turn   | Place    | Note
--------------------------------------------------------------
     0 | D:1      | urechis the Gargoyle Wizard began the quest for the Orb.
     0 | D:1      | Reached XP level 1. HP: 10/10 MP: 4/4
    83 | D:1      | Reached XP level 2. HP: 13/15 MP: 1/6
   272 | D:1      | Found a glowing golden altar of the Shining One.
   444 | D:1      | Slain by a jackal

Vault maps used:
D:1:      dpeg_arrival_leaves_temple_mockup, kennysheep_flooded_box

Action                   || total
-------------------------++-------
Melee: Unarmed           ||    15
       Club              ||    19
 Cast: Magic Dart        ||    34
